 Dungeon Crawl Stone Soup version 0.27.1 (webtiles) character file.

Game seed: 18395818692842359211

430 Ishikawa the Slasher (level 7, -7/53 HPs)
             Began as a Human Fighter on Aug 24, 2021.
             Was an Initiate of the Shining One.
             Killed by divine providence
             ... invoked by an orc priest
              (13 damage)
             ... on level 4 of the Dungeon.
             The game lasted 00:06:47 (3242 turns).

Ishikawa the Slasher (Human Fighter)                Turns: 3242, Time: 00:06:50

Health: -7/53      AC: 11    Str: 16    XL:     7   Next: 19%
Magic:  8/8        EV:  7    Int: 10    God:    the Shining One [......]
Gold:   157        SH:  9    Dex: 13    Spells: 8/8 levels left

rFire    . . .     SeeInvis .   a - +0 long sword
rCold    . . .     Faith    .   c - +0 kite shield
rNeg     . . .     Spirit   .   b - +0 scale mail
rPois    .         Reflect  .   (no helmet)
rElec    .         Harm     .   (no cloak)
rCorr    .         Rampage  .   (no gloves)
Will     .....                  (no boots)
Stlth    ..........             (no amulet)
HPRegen  0.17/turn              g - +4 ring of protection
MPRegen  0.11/turn              (no ring)

@: glowing
A: no striking features
a: Renounce Religion


You were on level 4 of the Dungeon.
You worshipped the Shining One.
The Shining One was noncommittal.
You visited 1 branch of the dungeon, and saw 4 of its levels.

You collected 157 gold pieces.

Inventory:

Hand Weapons
 a - a +0 long sword (weapon)
Armour
 b - a +0 scale mail (worn)
 c - a +0 kite shield (worn)
 r - a +0 ring mail of cold resistance
Jewellery
 g - a +4 ring of protection (left hand)
Scrolls
 e - a scroll of enchant armour {unknown}
 h - 2 scrolls of identify
 k - a scroll of teleportation
 l - a scroll of immolation {unknown}
 p - a scroll of fog {unknown}
Potions
 d - a potion of brilliance
 f - a potion of mutation
 i - a potion of attraction
 j - a potion of flight {unknown}
 m - 2 potions of might
 n - a potion of berserk rage {unknown}
 o - a potion of lignification {unknown}
 q - 2 potions of degeneration {unknown}


   Skills:
 * Level 3.7 Fighting
 * Level 4.4 Long Blades
 * Level 3.9 Armour
 * Level 1.8 Dodging
 - Level 1.5 Stealth
 * Level 4.1 Shields
 - Level 1.2 Spellcasting
 * Level 0.6 Invocations


You had 8 spell levels left.
You didn't know any spells.
Your spell library was empty.

Dungeon Overview and Level Annotations

Branches:
Dungeon (4/15)             Temple (0/1) D:4

Altars:
The Shining One

Shops:
D:2 [


Message History

The orc is heavily wounded.
You block the orc's attack.
The orc priest calls down the wrath of Beogh upon you.
Beogh smites you! The orc hits you but does no damage. x2
Things that are here:
a +0 club; an orc corpse You hit the orc.
The orc is moderately wounded.
The orc hits you but does no damage.
You hit the orc.
The orc is heavily wounded.
The orc priest barely misses you. The orc barely misses you.
You slash the orc!
You kill the orc!
You hit the orc priest.
The orc priest is moderately wounded.
The orc priest completely misses you. You block the orc priest's attack.
The orc priest hits you but does no damage.
The orc priest hits you with a +0 club.
You hit the orc priest.
The orc priest is heavily wounded.
The orc priest hits you but does no damage.
The orc priest hits you with a +0 club.
You barely miss the orc priest.
The orc priest is heavily wounded.
You block the orc priest's attack. The orc priest barely misses you.
You hit the orc priest but do no damage.
The orc priest is heavily wounded.
The orc priest closely misses you.
The orc priest hits you but does no damage.
The orc priest invokes the aid of Beogh against you.
You struggle to resist.
The orc priest completely misses you.
You hit the orc priest.
The orc priest is almost dead.
The orc priest mumbles some strange prayers to Beogh against you.
Pain shoots through your body!
* * * LOW HITPOINT WARNING * * *
The orc priest calls down the wrath of Beogh upon you.
Beogh smites you!
You die...

.....#
###.......###$⌠$###..##
.....# ##........##.....##..#
...)####.......#.#.......#..#
..))..#..#######.#.≈...≈.#..#
...#...........#.#.......#
.........#####...#.......#
.....###.# #..#.......#
##...# #.# #..#.≈...≈.#
##..## #.# #.@#.......#
.....###.# #.ooo........
.....##..# ######...#...
####.#..## ....... #.#.##
####... #.#.# ... #...# ##
##..# ####


You could see 2 orc priests and an orc.

Vanquished Creatures
  Grinder (D:3)
  A scorpion (D:4)
  An iguana (D:4)
  Natasha (D:4)
  An orc wizard (D:4)
  A gnoll (D:1)
  2 adders (D:2)
  2 worms
  2 dart slugs
  8 orcs (D:4)
  6 ball pythons
  3 bats
  5 endoplasms
  5 goblins
  5 hobgoblins
  5 quokkas
  A frilled lizard (D:2)
  3 kobolds
  5 rats
58 creatures vanquished.

Notes
Turn   | Place    | Note
-------+----------+-------------------------------------------
     0 | D:1      | Ishikawa the Human Fighter began the quest for the Orb.
     0 | D:1      | Reached XP level 1. HP: 18/18 MP: 1/1
   160 | D:1      | Found a faded altar of an unknown god.
   277 | D:1      | Reached XP level 2. HP: 21/24 MP: 2/2
   831 | D:1      | Reached XP level 3. HP: 16/29 MP: 3/3
  1621 | D:2      | Found Iwoll's Armour Shop.
  1754 | D:2      | Reached XP level 4. HP: 35/35 MP: 4/4
  1826 | D:2      | Found a glowing golden altar of the Shining One.
  1833 | D:2      | Became a worshipper of the Shining One
  2097 | D:3      | Noticed Grinder
  2101 | D:3      | Paralysed by Grinder for 6 turns
  2109 | D:3      | Paralysed by Grinder for 7 turns
  2121 | D:3      | Killed Grinder
  2122 | D:3      | Reached skill level 1 in Dodging
  2122 | D:3      | Reached skill level 1 in Stealth
  2122 | D:3      | Reached skill level 1 in Spellcasting
  2122 | D:3      | Reached XP level 5. HP: 3/41 MP: 4/6
  2122 | D:3      | Reached XP level 6. HP: 3/47 MP: 4/7
  3136 | D:4      | Found a staircase to the Ecumenical Temple.
  3184 | D:4      | Noticed Natasha
  3190 | D:4      | Killed Natasha
  3191 | D:4      | Reached XP level 7. HP: 52/52 MP: 8/8
  3242 | D:4      | Killed from afar by an orc priest

Illustrated notes

Levels and vault maps discovered:
D:1:      saegor_arrival_simple_b, layout_loops_corners,
          ebering_ecumenical_altar_webs
D:2:      layout_basic, basic_altar, serial_shops, shop, interstate_on_off
D:3:      layout_basic, uniq_grinder
D:4:      cheibrodos_pilgrimage, layout_rooms,
          minmay_temple_entry_enclosed_plants, gup_sewer_entry_spiral,
          uniq_natasha

Skill      XL: |  1  2  3  4  5  6 |
---------------+-------------------+-----
Long Blades    | 3 4 |  4.4
Dodging        | 1 |  1.8
Stealth        | 1 |  1.5
Spellcasting   | 1 |  1.2
Shields        | 4 |  4.1
Fighting       | |  3.7
Armour         | |  3.9
Invocations    | |  0.6

Action                   |  1- 3 |  4- 6 |  7- 9 || total
-------------------------+-------+-------+-------++-------
Melee: Long sword        |    99 |    86 |    20 ||   205
  Use: Potion            |       |     1 |       ||     1
       Scroll            |       |     3 |     1 ||     4
Armor: Scale mail        |    47 |    47 |    12 ||   106
Dodge: Dodged            |    28 |    27 |    13 ||    68
Block: Kite shield       |    54 |    51 |     9 ||   114
       Rpst.: Long sword |     9 |    12 |     5 ||    26
